 Dungeon Crawl Stone Soup version 0.30-a0-808-g6e0788376e (webtiles) character file.

Game seed: 5616271837738663085

81512 dolemite99 the Thaumaturge (level 16, -1/121 HPs)
             Began as a Djinni Necromancer on Feb 25, 2023.
             Was an Initiate of Gozag.
             Slain by an eight-headed hydra (4 damage)
             ... on level 14 of the Dungeon.
             The game lasted 00:57:41 (45076 turns).

dolemite99 the Thaumaturge (Djinni Necromancer)    Turns: 45076, Time: 00:57:42

Health: -1/121     AC:  5    Str:  7    XL:     16   Next: 18%
Gold:   708        EV: 14    Int: 30    God:    Gozag SH: 17 Dex: 17

rFire   + + +      SeeInvis +    a - staff of death
rCold   + + .      Faith    .    p - +0 kite shield {reflect}
rNeg    + + .      Spirit   .    y - +0 leather armour of Idealism {rC++ Dex+2}
rPois   ∞          Reflect  +    (no helmet)
rElec   +          Harm     .    O - scarf {rC+ rF+}
rCorr   .          Rampage  .    f - +1 pair of gloves
Will    +....                    (boots unavailable)
Stlth   ++                       F - amulet of reflection
HPRegen 0.40/turn                j - ring "Capsut" {rElec rF+ rN+ SInv}
MPRegen 0.00/turn                v - +6 ring of intelligence

@: flying
A: sickness immunity, fire resistance 2, cold vulnerability 1, float, innate
caster, HP casting, extra vitality 1
a: Renounce Religion, Potion Petition, Call Merchant, Bribe Branch


You were on level 14 of the Dungeon.
You worshipped Gozag.
Gozag was pleased with you.
You visited 4 branches of the dungeon, and saw 23 of its levels.

You collected 6320 gold pieces.
You spent 1355 gold pieces at shops.
You paid 4257 gold pieces to Gozag.

Inventory:

Hand Weapons
 b - the +5 double sword of the Shoals {drain, Str+3}
   (You found it on level 12 of the Dungeon)

   Str:       It affects your strength (+3).
 x - a +3 dagger of venom
 z - a +4 scimitar of flaming
 E - the +11 mace "Nubog Diapt" {venom, +Blink rPois rC-}
   (You found it on level 5 of the Dungeon)

   rC:        It makes you vulnerable to cold.
   rPois:     It protects you from poison.
   +Blink:    It lets you blink.
 G - the +0 flail of Beogh's Anger {freeze, rElec rF- rC+ Dex+4}
   (You found it on level 4 of the Dungeon)

   Dex:       It affects your dexterity (+4).
   rF:        It makes you vulnerable to fire.
   rC:        It protects you from cold.
   rElec:     It insulates you from electricity.
Missiles
 N - 3 throwing nets
 P - 5 silver boomerangs (quivered)
Armour
 f - a +1 pair of gloves (worn)
 g - a +1 ring mail of willpower
 h - a +1 ring mail of cold resistance
 p - a +0 kite shield of reflection (worn)
 y - the +0 leather armour of Idealism (worn) {rC++ Dex+2}
   (You bought it in a shop on level 2 of the Orcish Mines)

   Dex:       It affects your dexterity (+2).
   rC:        It greatly protects you from cold.
 O - a scarf of resistance (worn)
Magical Staves
 a - a staff of death (weapon)
 n - a staff of conjuration
 S - a staff of fire
Jewellery
 c - a +6 ring of strength
 j - the ring "Capsut" (left hand) {rElec rF+ rN+ SInv}
   (You acquired it on level 10 of the Dungeon)

   [ring of see invisible]

   rF:        It protects you from fire.
   rElec:     It insulates you from electricity.
   rN:        It protects you from negative energy.
   SInv:      It lets you see invisible.
 v - a +6 ring of intelligence (right hand)
 C - a ring of ice
 F - an amulet of reflection (around neck)
 I - a +6 ring of dexterity
 J - a +5 ring of evasion
 Q - a ring of positive energy
 R - a ring of poison resistance
Wands
 k - a wand of charming (1)
 q - a wand of digging (6)
 M - a wand of polymorph (7)
Scrolls
 d - 6 scrolls of teleportation
 e - 2 scrolls of fog
 m - a scroll of enchant armour
 o - a scroll of enchant weapon
 s - 2 scrolls of magic mapping
 t - 4 scrolls of poison
 T - 5 scrolls of identify {@r1}
Potions
 i - 6 potions of flight
 l - a potion of ambrosia
 r - 3 potions of brilliance
 u - 5 potions of might
 w - 2 potions of attraction
 A - 2 potions of curing
 B - a potion of lignification
 D - 3 potions of haste
 H - a potion of berserk rage
 K - 3 potions of resistance
 L - a potion of cancellation
 U - a potion of mutation


   Skills:
 - Level 13.1 Fighting
 - Level 7.0 Long Blades
 - Level 4.0 Throwing
 + Level 3.6 Armour
 - Level 8.0 Dodging
 - Level 1.5 Stealth
 - Level 10.0 Shields
 - Level 14.5 Spellcasting
 - Level 5.0 Evocations


You knew the following spells:

 Your Spells              Type           Power      Damage    Failure   Level
a - Summon Cactus Giant   Summ           41%        N/A       2%          6
b - Vampiric Draining     Necr           100%       2d13      1%          3
c - Poisonous Vapours     Pois/Air       100%       N/A       1%          2
d - Shock                 Conj/Air       100%       1d9       1%          1
e - Mephitic Cloud        Conj/Pois/Air  83%        N/A       1%          3
f - Animate Dead          Necr           100%       N/A       1%          4
g - Agony                 Necr           100%       N/A       1%          5
h - Anguish               Hex/Necr       52%        N/A       1%          4
i - Summon Lightning Spi  Summ/Air       83%        N/A       1%          4
j - Metabolic Englaciati  Hex/Ice        41%        N/A       1%          5
k - Necrotise             Necr           100%       1d9       1%          1
Your spell library was empty.

Dungeon Overview and Level Annotations

Branches:
Dungeon (15/15)            Temple (1/1) D:5            Lair (5/5) D:9
  Swamp (0/4) Lair:3        Snake (0/4) Lair:3        Slime (0/5) Lair:5
    Orc (2/2) D:10            Elf (0/3) Orc:2        Vaults (0/5) D:14
 Depths: D:15

Altars:
Ashenzari
Cheibriados
Dithmenos
Elyvilon
Fedhas
Gozag
Hepliaklqana
Makhleb
Nemelex Xobeh
Okawaru
Qazlal
Ru
Trog
Uskayaw
Wu Jian
Xom
Yredelemnul
Zin
The Shining One
Jiyva

Shops:
D:3 *   D:9 [[?   Orc:2 ==![?

Portals:
Abyss: Lair:4

Annotations:
D:4 Grinder
Lair:4 2 transporters, Newt's ghost, journeyman DsGl


Innate Abilities, Weirdness & Mutations

You are immune to sickness and miasma.
You are immune to poison.
Your flesh is very heat resistant. (rF++)
You are vulnerable to cold. (rC-)
You float through the air rather than walking.
You learn spells naturally, not from books.
Your magical power is your life essence.
You have superior vitality. (+4 MHP)


Message History

You block the eight-headed hydra's attack.
The eight-headed hydra completely misses you.
You block the eight-headed hydra's attack.
The eight-headed hydra bites you but does no damage.
You block the eight-headed hydra's attack.
The eight-headed hydra bites you. The eight-headed hydra bites you!
* * * LOW HITPOINT WARNING * * *
Unknown command.
The eight-headed hydra attacks as you move away!
The eight-headed hydra barely misses you.
You block the eight-headed hydra's attack.
The eight-headed hydra misses you. The eight-headed hydra bites you.
* * * LOW HITPOINT WARNING * * *
The eight-headed hydra bites you!
* * * LOW HITPOINT WARNING * * *
You block the eight-headed hydra's attack.
The eight-headed hydra bites you but does no damage.
You block the eight-headed hydra's attack.
Casting: Vampiric Draining (safe; 1% risk of failure)
Confirm with . or Enter, or press ? or * to list all spells.
Aiming: Vampiric Draining (safe; 1% risk of failure)
Press: ? - help, Shift-Dir - straight line, f/p - eight-headed hydra
Aim: an eight-headed hydra (severely wounded, ally target)
You feel a surge of power!
You draw life force from the eight-headed hydra!
You feel life coursing into your body.
* * * LOW HITPOINT WARNING * * *
You block the eight-headed hydra's attack.
The eight-headed hydra bites you.
* * * LOW HITPOINT WARNING * * *
The eight-headed hydra barely misses you.
You block the eight-headed hydra's attack.
The eight-headed hydra barely misses you.
The eight-headed hydra bites you.
* * * LOW HITPOINT WARNING * * *
The eight-headed hydra bites you!
* * * LOW HITPOINT WARNING * * *
The eight-headed hydra bites you.
You die...
Your body crumbles into a pile of gold.

##..#....>..........>.#
....#.........#####.###
............#.# #.#
.........#..#.# ###.#
......#.....#.# #.#.#
..#####.....#.###.#.#
......#^....#.....#)#
.##...#.....#.###.#.#
...............D@.#.#
.......[.....C#####.#
.............[......#
#<.......#[<..#####.##
D........#.#..# #..#
##.......#...(# ###.##
#.<.....####.# #....#
#.......#....# #.##.##
##.......#.####
##.##..#


You could see an eight-headed hydra (ally target) and a friendly cactus giant
(summoned).

Vanquished Creatures
  Agnes (D:14)
  Frances (D:14)
  Donald (Orc:2)
  An ettin (Orc:2)
  A rakshasa (D:14)
  Erolcha (D:12)
  3 hydras
  7 centaur warriors
  A vault guard (D:14)
  3 boulder beetles
  An ogre mage (Orc:2)
  2 catoblepae (Lair:4)
  2 two-headed ogres
  Nergalle (Orc:2)
  2 skysharks (Lair:2)
  5 cyclopes
  2 orc sorcerers (Orc:2)
  8 ugly things
  2 elephants (Lair:4)
  A centaur zombie (D:13)
  A black mamba (Lair:2)
  A rust devil (D:12)
  2 manticores (D:14)
  A gargoyle (D:14)
  A torpor snail (Lair:4)
  8 cane toads
  An unseen horror (D:13)
  3 rime drakes
  7 komodo dragons
  A polar bear (Lair:4)
  2 meliai (D:13)
  5 trolls
  2 hornets
  10 blink frogs
  3 slime creatures
  2 wyverns
  A wraith (D:11)
  38 yaks
  A vampire (D:8)
  A steam dragon (D:8)
  A basilisk (Lair:2)
  2 vampire mosquitoes (D:14)
  3 wargs
  Edmund (D:4)
  3 nagas (Lair:3)
  5 water moccasins
  2 acid dragons
  2 ice beasts
  9 orc warriors
  3 black bears
  6 ogres
  6 centaurs
  A phantom (D:4)
  6 bullfrogs
  A kobold brigand (D:10)
  A nameless horror (D:14)
  A bullfrog (shapeshifter) (D:13)
  A gnoll sergeant (D:9)
  8 necrophages
  5 scorpions
  7 killer bees
  3 howler monkeys
  2 electric eels (Lair:3)
  A crimson imp (D:12)
  7 hounds
  7 jellies
  11 orc priests
  2 gnoll boudas
  4 iguanas
  Ijyb (D:4)
  A boggart zombie (D:13)
  15 orc wizards
  A mummy (D:6)
  20 gnolls
  4 adders
  A shadow imp (D:8)
  6 white imps
  3 worms
  3 dart slugs
  42 orcs
  7 ball pythons
  17 endoplasms
  6 giant cockroaches
  4 goblins
  13 hobgoblins
  2 jackals (D:3)
  11 kobolds
  2 quokkas (D:3)
  A bat (D:3)
  3 frilled lizards
  7 rats
418 creatures vanquished.

Vanquished Creatures (collateral kills)
  Snorg (Orc:2)
  3 hydras (D:14)
  An ogre mage (Orc:2)
  A centaur warrior (D:13)
  2 boulder beetles (D:14)
  2 tengu warriors (D:14)
  A death knight (D:14)
  A catoblepas (D:13)
  6 two-headed ogres
  An orc high priest (Orc:1)
  A sun demon (D:12)
  A wizard (D:14)
  A deep elf pyromancer (D:14)
  7 orc sorcerers (Orc:2)
  A deep elf zephyrmancer (D:14)
  2 manticores (D:14)
  A wolf spider zombie (D:13)
  4 cyclopes
  A black mamba (Lair:5)
  5 centaur zombies (D:13)
  A cane toad (Lair:4)
  2 freezing wraiths
  An efreet (D:13)
  2 red devils (D:12)
  A meliai (D:14)
  2 trolls
  2 hellwings (D:12)
  3 blink frogs (Lair:4)
  A dream sheep (Lair:4)
  A tyrant leech (shapeshifter) (D:14)
  A meliai zombie (D:13)
  7 slime creatures (D:12)
  A ynoxinul (D:12)
  2 wraiths
  19 yaks
  2 vampire mosquitoes (D:14)
  3 orc warriors
  3 centaurs (D:12)
  A bullfrog (Lair:4)
  4 killer bees (D:11)
  A howler monkey (D:14)
  3 crimson imps (D:12)
  3 quasits (D:12)
  2 orc priests
  12 orc wizards
  2 boggart zombies (D:13)
  9 white imps (Lair:4)
  7 orcs
  A quokka (D:1)
  A ball python (D:1)
143 creatures vanquished.

Vanquished Creatures (others)
  Rupert (Orc:2)
  2 centaur zombies (D:13)
  A meliai zombie (D:13)
  2 yaks (Lair:4)
  A quasit (D:12)
  4 bushes (Lair:5)
  5 demonic plants (D:12)
  45 fungi
  145 plants
206 creatures vanquished.

Grand Total: 767 creatures vanquished

Notes
Turn   | Place    | Note
-------+----------+-------------------------------------------
     0 | D:1      | dolemite99 the Djinni Necromancer began the quest for the
                  | Orb.
     0 | D:1      | dolemite99 set off with the following spells memorised:
                  | Necrotise, Vampiric Draining, Animate Dead, Agony.
     0 | D:1      | Reached XP level 1. HP: 15/15 MP: 0/0
   171 | D:1      | Reached XP level 2. HP: 15/22 MP: 0/0
   344 | D:1      | Reached skill level 1 in Fighting
   655 | D:1      | Reached XP level 3. HP: 22/27 MP: 0/0
   655 | D:1      | Learned a level 1 spell: Shock
  1396 | D:3      | Reached skill level 4 in Spellcasting
  1396 | D:3      | Reached XP level 4. HP: 2/33 MP: 0/0
  1614 | D:3      | Found a broken altar of Ashenzari.
  1894 | D:2      | Reached XP level 5. HP: 25/38 MP: 0/0
  1894 | D:2      | Learned a level 2 spell: Poisonous Vapours
  2265 | D:3      | Reached XP level 6. HP: 19/45 MP: 0/0
  2625 | D:3      | Found a white marble altar of Elyvilon.
  2981 | D:3      | Found Jeyppur's General Store.
  2992 | D:3      | Bought a scroll of teleportation for 30 gold pieces
  2992 | D:3      | Bought a scroll of teleportation for 30 gold pieces
  2992 | D:3      | Bought a scroll of fog for 40 gold pieces
  3174 | D:4      | Identified the +1 chain mail of the Lute {rF+ rC+ Int+2}
  3182 | D:4      | Reached skill level 5 in Spellcasting
  3258 | D:4      | Noticed an ogre
  3264 | D:4      | Killed an ogre
  3265 | D:4      | Reached XP level 7. HP: 38/50 MP: 0/0
  3265 | D:4      | Learned a level 3 spell: Mephitic Cloud
  3678 | D:4      | Noticed Edmund
  3701 | D:4      | Killed Edmund
  3781 | D:5      | Entered Level 5 of the Dungeon
  3882 | D:4      | Noticed Ijyb
  3890 | D:4      | Killed Ijyb
  3891 | D:4      | Reached skill level 6 in Spellcasting
  3947 | D:4      | Noticed Grinder
  4001 | D:4      | Reached XP level 8. HP: 55/58 MP: 0/0
  4688 | D:5      | Identified the +11 mace "Nubog Diapt" {venom, +Blink rPois
                  | rC-}
  4765 | D:4      | Identified the +0 flail of Beogh's Anger {freeze, rElec rF-
                  | rC+ Dex+4}
  4779 | D:4      | Reached skill level 5 in Fighting
  5166 | D:5      | Found a staircase to the Ecumenical Temple.
  5341 | Temple   | Entered the Ecumenical Temple
  5404 | Temple   | Became a worshipper of Gozag Ym Sagoz the Greedy
  5554 | D:5      | Reached skill level 7 in Spellcasting
  5963 | D:5      | Reached XP level 9. HP: 45/66 MP: 0/0
  5963 | D:5      | Learned a level 4 spell: Anguish
  6673 | D:6      | Found a shimmering altar of Xom.
  6980 | D:6      | Found a glowing golden altar of the Shining One.
  7194 | D:6      | Found an ornate altar of the Wu Jian Council.
  7323 | D:7      | Reached skill level 8 in Spellcasting
  7467 | D:7      | Found a burning altar of Makhleb.
  9836 | D:8      | Reached XP level 10. HP: 46/75 MP: 0/0
 10222 | D:8      | Reached skill level 9 in Spellcasting
 10420 | D:8      | Noticed a cyclops
 10732 | D:8      | Killed a cyclops
 11057 | D:8      | Found a snail-covered altar of Cheibriados.
 11070 | D:8      | Found a blossoming altar of Fedhas.
 11782 | D:9      | Noticed a two-headed ogre
 11807 | D:9      | Killed a two-headed ogre
 12355 | D:9      | Reached skill level 10 in Spellcasting
 13061 | D:9      | Found a staircase to the Lair.
 13905 | D:9      | Reached XP level 11. HP: 69/84 MP: 0/0
 13905 | D:9      | Learned a level 4 spell: Summon Lightning Spire
 14439 | D:10     | Entered Level 10 of the Dungeon
 14488 | D:10     | Reached skill level 1 in Shields
 14718 | D:10     | Found a bloodstained altar of Trog.
 14743 | D:10     | HP: 1/84 [yak (12)]
 14747 | D:10     | Reached skill level 5 in Shields
 15079 | D:10     | Found a basalt altar of Yredelemnul.
 15192 | D:10     | Identified a scroll of acquirement
 15192 | D:10     | Acquired the ring "Capsut" {rElec rF+ rN+ SInv}
 16062 | D:10     | Found a staircase to the Orcish Mines.
 16624 | D:3      | Bought a potion of haste for 100 gold pieces
 16772 | Lair:1   | Entered Level 1 of the Lair of Beasts
 18410 | Lair:1   | Noticed a five-headed hydra
 18738 | Lair:1   | Killed a five-headed hydra
 18739 | Lair:1   | Reached skill level 5 in Dodging
 18739 | Lair:1   | Reached XP level 12. HP: 89/89 MP: 0/0
 19389 | Lair:2   | Noticed an eight-headed hydra
 19407 | Lair:2   | Killed an eight-headed hydra
 19745 | Lair:2   | Noticed a skyshark
 19756 | Lair:2   | Killed a skyshark
 20006 | Lair:2   | Noticed a skyshark
 20018 | Lair:2   | Killed a skyshark
 20944 | Lair:2   | Reached skill level 11 in Spellcasting
 21353 | Lair:3   | Found a staircase to the Swamp.
 21859 | Lair:3   | Found a staircase to the Snake Pit.
 22048 | Lair:3   | Reached skill level 10 in Fighting
 22993 | Lair:4   | Reached XP level 13. HP: 54/96 MP: 0/0
 22993 | Lair:4   | Learned a level 5 spell: Metabolic Englaciation
 23302 | Lair:4   | Noticed a catoblepas
 23317 | Lair:4   | Killed a catoblepas
 23427 | Lair:4   | Reached skill level 12 in Spellcasting
 23459 | Lair:4   | Found a transporter.
 23524 | Lair:4   | Found a transporter.
 23526 | Lair:4   | Found a one-way gate to the infinite horrors of the Abyss.
 23526 | Lair:4   | Noticed Newt's ghost (journeyman DsGl)
 23946 | Lair:4   | Noticed a five-headed hydra
 23956 | Lair:4   | Killed a five-headed hydra
 24091 | Lair:4   | Noticed Nessos
 24113 | Lair:4   | Nessos changed into Nessos the dream sheep
 24113 | Lair:4   | Noticed Nessos
 24120 | Lair:4   | Killed Nessos the dream sheep
 24121 | Lair:4   | Reached skill level 1 in Evocations
 24123 | Lair:4   | Noticed a catoblepas
 24165 | Lair:4   | Killed a catoblepas
 25037 | Lair:5   | Entered Level 5 of the Lair of Beasts
 25037 | Lair:5   | Found a staircase to the Slime Pits.
 25037 | Lair:5   | Found a viscous altar of Jiyva.
 25053 | Lair:4   | Reached skill level 5 in Evocations
 25171 | Lair:5   | Reached skill level 1 in Throwing
 25684 | D:9      | Bought a scroll of poison for 64 gold pieces
 25684 | D:9      | Bought a scroll of identify for 32 gold pieces
 25684 | D:9      | Bought a scroll of identify for 32 gold pieces
 25684 | D:9      | Bought a scroll of identify for 32 gold pieces
 25724 | D:9      | Bought a scroll of identify for 32 gold pieces
 25724 | D:9      | Bought a scroll of identify for 32 gold pieces
 25724 | D:9      | Bought a scroll of identify for 32 gold pieces
 25738 | D:9      | Bought a +1 ring mail of willpower for 192 gold pieces
 25763 | D:9      | Bought a runed leather armour for 100 gold pieces
 25769 | D:9      | Bought a glowing ring mail for 140 gold pieces
 26345 | D:11     | Reached XP level 14. HP: 73/105 MP: 0/0
 28176 | D:12     | Noticed Erolcha
 28192 | D:12     | Killed Erolcha
 28193 | D:12     | Reached skill level 13 in Spellcasting
 28958 | Orc:1    | Entered Level 1 of the Orcish Mines
 29363 | Orc:2    | Entered Level 2 of the Orcish Mines
 29716 | Orc:2    | Noticed Rupert
 29725 | Orc:2    | Killed Rupert
 30301 | Orc:2    | Found Qaibolynoc's Jewellery Shop.
 30370 | Orc:2    | Noticed Snorg
 30398 | Orc:2    | Killed Snorg
 30802 | Orc:2    | Paralysed by an orc sorcerer for 2 turns
 30859 | Orc:2    | Found a staircase to the Elven Halls.
 31030 | Orc:2    | Found Xaimp's Jewellery Boutique.
 31576 | Orc:2    | Noticed Nergalle
 31583 | Orc:2    | Noticed Donald
 31594 | Orc:2    | Killed Nergalle
 31598 | Orc:2    | Killed Donald
 31802 | Orc:2    | Found Lunyisha's Antique Armour Shop.
 32160 | Orc:2    | Reached skill level 14 in Spellcasting
 32316 | Orc:2    | Found Xosyuz's Distillery.
 32324 | Orc:2    | Found Ponayh's Magic Scroll Shop.
 32334 | Orc:2    | Bought a scroll of fear for 52 gold pieces
 32334 | Orc:2    | Bought a scroll of teleportation for 39 gold pieces
 32334 | Orc:2    | Bought a scroll of magic mapping for 97 gold pieces
 32343 | Orc:2    | Bought a transparent leather armour for 154 gold pieces
 32343 | Orc:2    | Identified the +0 leather armour of Idealism {rC++ Dex+2}
                  | (You bought it in a shop on level 2 of the Orcish Mines)
 32357 | Orc:2    | Bought a warped robe for 125 gold pieces
 32357 | Orc:2    | Identified the +0 robe of the King of the Hill {rF- rCorr
                  | Dex+3 Archmagi} (You bought it in a shop on level 2 of the
                  | Orcish Mines)
 34261 | D:13     | Identified the +1 short sword of the Magi {heavy, rF+ MP+9}
 34787 | D:13     | Reached XP level 15. HP: 106/113 MP: 0/0
 34787 | D:13     | Learned a level 6 spell: Summon Cactus Giant
 35201 | D:13     | You are sucked into a shaft and drop 2 floors!
 35201 | D:15     | Entered Level 15 of the Dungeon
 35729 | D:13     | Found a basalt altar of Yredelemnul.
 38079 | D:12     | Identified the +5 double sword of the Shoals {drain, Str+3}
 38147 | D:12     | Reached skill level 1 in Long Blades
 38801 | D:12     | Found a shimmering altar of Xom.
 40183 | D:14     | Reached skill level 5 in Long Blades
 40320 | D:14     | Noticed Frances
 40430 | D:14     | Killed Frances
 41817 | D:14     | Found a gate to the Vaults.
 42118 | D:14     | Noticed Agnes
 42783 | D:14     | Killed Agnes
 43378 | D:14     | Reached XP level 16. HP: 57/121 MP: 0/0
 44233 | D:14     | Reached skill level 10 in Shields
 44233 | D:14     | Reached skill level 1 in Armour
 45076 | D:14     | HP: 3/121 [eight-headed hydra (12)]
 45076 | D:14     | Slain by an eight-headed hydra

Illustrated notes

Levels and vault maps discovered:
D:1:      minmay_arrival_semitransparent, layout_basic, minmay_tree_intersection
D:2:      layout_rooms, corexii_item_surrounded_by_moat, corexii_corridor_pit
D:3:      layout_rooms, mainiacjoe_overflow_tiny_flanked,
          mainiacjoe_overflow_chevrons, serial_shops, nicolae_shop_statue_plus,
          minmay_misc_feat_rows, serial_park_tiny_2
D:4:      layout_loops_cross, serial_bayou_lagoon_a, uniq_ijyb, uniq_edmund,
          uniq_grinder
D:5:      layout_gridville, minmay_temple_entry_grid, hex_medium
D:6:      layout_loops_ring, nicolae_overflow_hidden_temple,
          mainiacjoe_overflow_swirl, gup_ossuary_entry_pyramid
D:7:      layout_basic, makhleb_blood_cavern_becter
D:8:      layout_rooms, grunt_temple_overflow_growth_and_decay,
          mainiacjoe_overflow_small_starburst, mainiacjoe_overflow_alcove_2,
          sigmund_army
D:9:      layout_roguey, erik_lair_orcish_takeover, enter_bailey_8
D:10:     lemuel_slime, layout_loops_ring, mainiacjoe_overflow_alcove_4,
          mainiacjoe_overflow_six_doors_small, minmay_orc_entry_temple_small
D:11:     layout_basic
D:12:     minmay_connected_triangles_in_corner, layout_cross, serial_demonic,
          serial_demonic_f, serial_demonic_f, serial_demonic_e,
          serial_demonic_a, serial_demonic_a, led_xom_imps, uniq_erolcha
D:13:     layout_basic, nicolae_yredelemnul_corpse_copse
D:14:     kennysheep_bubbly, layout_basic, david_vaults_5, nrook_mini_backslash,
          uniq_agnes, uniq_frances
D:15:     hangedman_depths_entry_civil_slaughter, layout_rooms,
          nicolae_qazlal_style_of_elements, serial_shops,
          nicolae_shop_waterfront, zin_angel, uniq_louise, uniq_roxanne
Temple:   cyrus_temple_forest
Lair:1:   layout_regular_city, chequers_serial_rivers_micro_e,
          grunt_megastairs_4
Lair:2:   layout_regular_city, serial_forest, infiniplex_forest_corner_2,
          infiniplex_forest_lined_room_2, infiniplex_forest_side_room,
          infiniplex_forest_straight_5, infiniplex_forest_zigzag_2,
          roderic_carrion_pond
Lair:3:   layout_small_grid, minmay_swamp_entry_eels,
          guppyfry_snake_entry_garden, infiniplex_staircase_pool
Lair:4:   layout_cave_pods, gammafunk_ghost_abyssal_escape,
          portal_ice_cave_entry_imps, uniq_nessos
Lair:5:   cheibrodos_lair_end_hotspot, layout_concentric_octagons,
          slime_entry_1, serial_forest, infiniplex_forest_lined_3_way,
          infiniplex_forest_side_room, infiniplex_forest_lined_2,
          infiniplex_forest_clump_tiny, infiniplex_forest_corner_2,
          infiniplex_forest_corner_1, infiniplex_forest_straight_3,
          infiniplex_forest_straight_2, infiniplex_forest_end_1,
          infiniplex_forest_straight_3, serial_bayou_pond_a
Orc:1:    layout_caves
Orc:2:    kennysheep_orc_mage_school, layout_diamond_mine,
          minmay_shop_enchanted_jewellery, uniq_snorg, uniq_donald, uniq_rupert

Skill      XL: |  1  2  3  4  5  6  7  8  9 10 11 12 13 14 15 16 |
---------------+-------------------------------------------------+-----
Fighting       | 1 2 3 4 5 7 9 10 11 12 13 | 13.1
Spellcasting   | 4 5 6 7 8 10 11 12 14 | 14.5
Shields        | 8 9 10 | 10.0
Dodging        | 5 8 |  8.0
Evocations     | 5 |  5.0
Throwing       | 4 |  4.0
Long Blades    | 7 |  7.0
Armour         | 3 |  3.6
Stealth        | |  1.5

Action                     |  1- 3 |  4- 6 |  7- 9 | 10-12 | 13-15 | 16-18 || total
---------------------------+-------+-------+-------+-------+-------+-------++-------
  Melee: Unarmed           |     5 |       |       |       |       |       ||     5
         Halberd           |       |    37 |       |       |       |       ||    37
         Dagger            |       |    19 |    60 |       |       |       ||    79
         Punch             |       |       |     1 |     1 |       |       ||     2
         Staff             |       |       |       |    18 |    25 |       ||    43
         Mace              |       |       |       |       |     4 |       ||     4
         Double sword      |       |       |       |       |    15 |     9 ||    24
   Fire: Arbalest          |       |       |    22 |    81 |       |       ||   103
  Throw: Boomerang         |       |       |       |       |    13 |       ||    13
   Cast: Necrotise         |    65 |    19 |    82 |   214 |    72 |       ||   452
         Vampiric Draining |     5 |    19 |    61 |   210 |   146 |    14 ||   455
         Poisonous Vapours |       |     4 |     9 |    60 |   133 |     4 ||   210
         Shock             |       |       |    63 |    52 |   258 |     2 ||   375
         Summon Lightning  |       |       |       |       |   101 |     4 ||   105
         Mephitic Cloud    |       |       |       |       |    44 |       ||    44
         Metabolic Englaci |       |       |       |       |     7 |     1 ||     8
         Anguish           |       |       |       |       |     5 |       ||     5
         Summon Cactus Gia |       |       |       |       |    17 |     9 ||    26
         Agony             |       |       |       |       |       |     2 ||     2
 Invoke: Call Merchant     |       |       |       |       |     3 |       ||     3
         Potion Petition   |       |       |       |       |     2 |     2 ||     4
  Evoke: Wand              |       |       |     2 |     5 |    17 |     2 ||    26
    Use: Scroll            |       |     7 |     1 |    19 |    14 |     1 ||    42
         Potion            |       |     1 |     2 |     9 |     5 |     2 ||    19
   Stab: Distracted        |       |       |       |       |     1 |       ||     1
 Armour: Robe              |    10 |    13 |    34 |    49 |     4 |       ||   110
         Skin              |       |       |       |     7 |       |       ||     7
         Leather armour    |       |       |       |       |    45 |    17 ||    62
         Ring mail         |       |       |       |       |    14 |       ||    14
  Dodge: Dodged            |    51 |    49 |   127 |   224 |   232 |    29 ||   712
  Block: Kite shield       |       |       |       |   177 |   396 |    66 ||   639
         Reflection        |       |       |       |       |    45 |     1 ||    46

Table legend: (Time is in decaauts)
 A = Elapsed time spent in this place.
 B = Non-inter-level travel time spent in this place.
 C = Inter-level travel time spent in this place.
 D = Time resting spent in this place.
 E = Time spent auto-exploring this place.
 F = Levels seen in this place.
 G = Mean time per level.
                   A        B        C        D        E       F      G
               +--------+--------+--------+--------+--------+-----+--------+
         Total |  45158 |  43002 |   2156 |  23843 |  12961 |  23 | 1963.4 |
       Dungeon |  32469 |  30861 |   1608 |  18431 |   8139 |  15 | 2164.6 |
        Temple |     93 |     64 |     29 |      0 |     41 |   1 |   93.0 |
          Lair |   8871 |   8590 |    281 |   3387 |   3819 |   5 | 1774.2 |
  Orcish Mines |   3723 |   3487 |    236 |   2024 |    962 |   2 | 1861.5 |
               +--------+--------+--------+--------+--------+-----+--------+

Top non-repeatable levels by time:
    D:13: 5702 daAuts
    D:14: 4633 daAuts
   Orc:2: 3293 daAuts
    D:12: 2773 daAuts
     D:8: 2731 daAuts
  Lair:1: 2497 daAuts
  Lair:4: 2434 daAuts
     D:7: 2367 daAuts
     D:9: 2188 daAuts
    D:10: 2181 daAuts
    D:11: 2016 daAuts
  Lair:2: 1990 daAuts
     D:4: 1745 daAuts
  Lair:3: 1635 daAuts
     D:3: 1611 daAuts
